 Dungeon Crawl Stone Soup version 0.31-a0-986-g5e6e4ef867 (webtiles) character file.

Game seed: 4225933003346456382

137 sammy202020 the Changeling (level 5, 39/39 HPs)
             Began as a Demonspawn Shapeshifter on Nov 12, 2023.
             Quit the game on level 3 of the Dungeon.
             The game lasted 00:02:32 (2305 turns).

sammy202020 the Changeling (DsSh)                   Turns: 2305, Time: 00:02:33

Health: 39/39      AC:  4    Str: 16    XL:     5   Next: 0%
Magic:  5/5        EV: 12    Int: 14    God:
Gold:   132        SH:  0    Dex: 12    Spells: 4/4 levels left

rFire   . .          .
                       - Unarmed
rCold   + . .        (no shield)
rNeg    . . .        m - +2 robe {rC+}
rPois   .            (helmet currently unavailable)
rElec   .            (cloak currently unavailable)
rCorr   .            (gloves currently unavailable)
SInv    .            (boots currently unavailable)
Will    +....        (no amulet)
Stlth   +            f - ring of willpower
HPRegen 0.26/turn    (no ring)
MPRegen 0.09/turn

%: no passive effects
@: beast-form, studying Stealth
A: beast (slay +1), powered by pain 1, big brain 1
a: Begin Untransformation


You were on level 3 of the Dungeon.
You were a hulking beast.
You visited 1 branch of the dungeon, and saw 3 of its levels.

You collected 132 gold pieces.

Inventory:

Armour
 a - a +1 animal skin
 m - a +2 robe of cold resistance (worn)
Jewellery
 f - a ring of willpower (left hand)
Talismans
 c - a beast talisman
 d - a flux talisman
Scrolls
 g - a scroll of fog
Potions
 b - 3 potions of lignification
 e - a potion of magic


   Skills:
 * Level 2.4 Fighting
 + Level 1.2 Armour
 + Level 2.3 Dodging
 * Level 3.3 Unarmed Combat
 * Level 3.4 Shapeshifting


You had 4 spell levels left.
You didn't know any spells.
Your spell library contained the following spells:

 Spells                   Type           Power      Damage    Failure   Level
 Sandblast                Erth           0%         2d4       28%         1
 Passwall                 Tmut/Erth      0%         N/A       41%         2
 Stone Arrow              Conj/Erth      0%         3d7       65%         3
 Brom's Barrelling Bould  Conj/Erth      0%         2d3       96%         4


Dungeon Overview and Level Annotations

Branches:
Dungeon (3/15)

Altars:


Innate Abilities, Weirdness & Mutations

You are a hulking beast.
Your limbs bulge with bestial killing power. (Slay +1)
You sometimes gain a little power by taking damage.
You have an unusually large brain. (Int +2)


Message History

You hit the gnoll.
The gnoll is almost dead.
The gnoll barely misses you.
You hit the gnoll.
You kill the gnoll!
You barely miss the gnoll. The gnoll closely misses you.
You closely miss the gnoll. The gnoll closely misses you.
You barely miss the gnoll. The gnoll hits you with a +0 whip.
You completely miss the gnoll. The gnoll hits you with a +0 whip.
* * * LOW HITPOINT WARNING * * *
You completely miss the gnoll. The gnoll barely misses you.
You hit the gnoll.
The gnoll is heavily wounded.
The gnoll misses you.
You punch the gnoll!
You kill the gnoll!
You punch the gnoll! You punch the gnoll.
The gnoll is severely wounded.
The gnoll hits you with a +0 whip.
* * * LOW HITPOINT WARNING * * *
You hit the gnoll.
You kill the gnoll!
Things that are here:
a +0 whip; a +0 whip; a +0 spear
Okay, then.
You start resting.
HP restored.
You start waiting.
Done waiting.
A kobold comes into view. It is wielding a +0 short sword.
A kobold is nearby!
A kobold is nearby!
The kobold shouts!
The kobold misses you.
You punch the kobold!
You kill the kobold!
You have reached level 5!
Your demonic ancestry asserts itself...
Your brain expands.
Are you sure you want to abandon this character and quit the game? (Confirm with "yes".)

.....
....
#...
#..
#..
#.#
#)#
#h#
#.#
#.#
#.#
#.#
#.#
#.#
#.#
#.#
#.#
#.#
..#
#.#
#.#
#.#


There were no monsters in sight!

Vanquished Creatures
  Jessica (D:2)
  4 gnolls (D:3)
  3 adders (D:2)
  A worm (D:2)
  A dart slug (D:2)
  6 ball pythons
  A bat (D:2)
  5 endoplasms
  A giant cockroach (D:1)
  2 goblins
  A hobgoblin (D:1)
  2 jackals (D:2)
  4 quokkas
  A frilled lizard (D:1)
  3 kobolds
  4 rats
40 creatures vanquished.

Notes
Turn   | Place    | Note
-------+----------+-------------------------------------------
     0 | D:1      | sammy202020 the Demonspawn Shapeshifter began the quest for
                  | the Orb.
     0 | D:1      | Reached XP level 1. HP: 15/15 MP: 1/1
   160 | D:1      | Gained mutation: You sometimes gain a little power by
                  | taking damage. [demonic ancestry]
   160 | D:1      | Reached XP level 2. HP: 21/21 MP: 2/2
   941 | D:2      | Reached XP level 3. HP: 13/27 MP: 3/3
  1401 | D:2      | Found a faded altar of an unknown god.
  1536 | D:2      | Noticed Jessica
  1538 | D:2      | Killed Jessica
  1539 | D:2      | Reached skill level 1 in Armour
  1539 | D:2      | Reached XP level 4. HP: 33/33 MP: 4/4
  2305 | D:3      | Gained mutation: You have an unusually large brain. (Int
                  | +2) [demonic ancestry]
  2305 | D:3      | Reached XP level 5. HP: 39/39 MP: 5/5
  2305 | D:3      | Quit the game

Illustrated notes

Levels and vault maps discovered:
D:1:      dpeg_arrival_simpleton_c, layout_basic, minmay_pentomino_r4
D:2:      layout_rooms, shapermc_ecumenical_altar_starsandcircs, basic_altar,
          roderic_serpentine_path, minmay_misc_feat_tiny, uniq_jessica
D:3:      layout_basic, chei_slow_surprise, lightli_temple_of_fire

Skill      XL: |  1  2  3 |
---------------+----------+-----
Dodging        | 2 |  2.3
Shapeshifting  | 3 |  3.4
Unarmed Combat | 3 |  3.3
Fighting       | 2 |  2.4
Armour         | 1 |  1.2

Action                     |  1- 3 |  4- 6 || total
---------------------------+-------+-------++-------
  Melee: Unarmed           |    94 |    49 ||   143
         Punch             |     2 |     2 ||     4
    Use: Scroll            |     2 |     4 ||     6
         Potion            |       |     2 ||     2
   Stab: Sleeping          |     1 |       ||     1
 Armour: Animal skin       |    12 |       ||    12
         Ring mail         |    41 |       ||    41
         Robe              |       |    16 ||    16
  Dodge: Dodged            |    62 |    37 ||    99

Table legend: (Time is in decaauts)
 A = Elapsed time spent in this place.
 B = Non-inter-level travel time spent in this place.
 C = Inter-level travel time spent in this place.
 D = Time resting spent in this place.
 E = Time spent auto-exploring this place.
 F = Levels seen in this place.
 G = Mean time per level.
                   A        B        C        D        E       F      G
               +--------+--------+--------+--------+--------+-----+--------+
         Total |   2277 |   2270 |      7 |    659 |   1205 |   3 |  759.0 |
       Dungeon |   2277 |   2270 |      7 |    659 |   1205 |   3 |  759.0 |
               +--------+--------+--------+--------+--------+-----+--------+

Top non-repeatable levels by time:
     D:2: 1216 daAuts
     D:1: 779 daAuts
     D:3: 280 daAuts
